 Dungeon Crawl Stone Soup version 0.31-a0-187-gba352fbbf7 (webtiles) character file.

Game seed: 1851954064207387480

11185 rabbitsville the Thaumaturge (level 11, -6/74 HPs)
             Began as a Demigod Air Elementalist on June 22, 2023.
             Hit by a large rock thrown by a cyclops (39 damage)
             ... on level 11 of the Dungeon.
             The game lasted 00:49:00 (14491 turns).

rabbitsville the Thaumaturge (DgAE)                Turns: 14491, Time: 00:49:00

Health: -6/74      AC: 12    Str:  9    XL:     11   Next: 22%
Magic:  19/29      EV: 11    Int: 35    God:
Gold:   457        SH:  5    Dex: 14    Spells: 11/30 levels left

rFire   . . .        f - +1 sling (flame)
rCold   . . .        (no shield)
rNeg    . . .        U - +0 troll leather armour
rPois   .            L - +0 helmet
rElec   .            O - +2 cloak {rCorr}
rCorr   +            Z - +2 pair of gloves
SInv    +            t - +0 pair of boots
Will    +....        w - amulet of reflection
Stlth   ++           c - ring of see invisible
HPRegen 1.12/turn    x - +6 ring of intelligence
MPRegen 0.21/turn

%: reflection
@: radiating poison
A: high MP 1, forlorn, divine attributes
a: no special abilities


You were on level 11 of the Dungeon.
You visited 1 branch of the dungeon, and saw 12 of its levels.
You also visited: Bailey.

You collected 457 gold pieces.

Inventory:

Hand Weapons
 e - a +0 hand axe
 f - a +1 sling of flaming (weapon)
Missiles
 B - a throwing net
Armour
 t - a +0 pair of boots (worn)
 H - a +1 robe of willpower
 L - a +0 helmet (worn)
 N - a +2 plate armour of willpower
 O - a +2 cloak of preservation (worn)
 Q - the +1 ice dragon scales "Higi" {rF- rC++ Int+7}
   (You found it in a bailey)

   Int:       It affects your intelligence (+7).
   rF:        It makes you vulnerable to fire.
   rC:        It greatly protects you from cold.
 U - a +0 troll leather armour (worn)
 Z - a +2 pair of gloves (worn)
Magical Staves
 R - a staff of cold
Jewellery
 c - a ring of see invisible (left hand)
 p - a +6 ring of dexterity
 u - an amulet of the acrobat
 w - an amulet of reflection (around neck)
 x - a +6 ring of intelligence (right hand)
 T - a ring of protection from fire
Wands
 S - a wand of flame (9)
 W - a wand of paralysis (7)
 X - a wand of iceblast (3)
Scrolls
 d - 9 scrolls of identify
 g - 2 scrolls of brand weapon {unknown}
 i - 2 scrolls of poison {unknown}
 k - 4 scrolls of teleportation {unknown}
 n - 2 scrolls of vulnerability {unknown}
 o - 2 scrolls of immolation {unknown}
 q - a scroll of revelation {unknown}
 r - 4 scrolls of blinking
 y - 5 scrolls of noise {unknown}
 K - a scroll of fog {unknown}
 V - a scroll of amnesia {unknown}
 Y - a scroll of enchant weapon {unknown}
Potions
 b - a potion of magic
 h - a potion of ambrosia {unknown}
 l - 3 potions of brilliance {unknown}
 s - 3 potions of might {unknown}
 v - 2 potions of enlightenment {unknown}
 z - 7 potions of curing {unknown}
 A - 2 potions of resistance {unknown}
 C - a potion of cancellation {unknown}
 D - 3 potions of haste {unknown}
 E - 2 potions of degeneration {unknown}
 F - a potion of mutation {unknown}
 G - 2 potions of heal wounds {unknown}
 I - a potion of berserk rage {unknown}
 M - a potion of invisibility {unknown}


   Skills:
 - Level 2.0 Dodging
 - Level 2.0 Stealth
 - Level 10.0 Spellcasting
 + Level 5.1 Conjurations
 * Level 6.4 Fire Magic
 - Level 7.5 Air Magic
 - Level 7.0 Poison Magic


You had 11 spell levels left.
You knew the following spells:

 Your Spells              Type           Power      Damage    Failure   Level
a - Shock                 Conj/Air       100%       1d9       1%          1
b - Static Discharge      Conj/Air       100%       2-7/arc   1%          2
c - Airstrike             Air            31%        2d(5-21)  1%          4
d - Olgreb's Toxic Radia  Pois           61%        N/A       1%          4
e - Ignite Poison         Fire/Tmut/Pois 48%        N/A       1%          3
f - Fireball              Conj/Fire      27%        3d12      9%          5

Your spell library contained the following spells:

 Spells                   Type           Power      Damage    Failure   Level
 Foxfire                  Conj/Fire      100%       2x1d9     1%          1
 Kiss of Death            Conj/Necr      100%       2d13      1%          1
 Sting                    Tmut/Pois      100%       1d8       1%          1
 Poisonous Vapours        Pois/Air       100%       N/A       1%          2
 Swiftness                Air            63%        N/A       1%          3
 Summon Small Mammal      Summ           68%        N/A       3%          1
 Sticky Flame             Conj/Fire      55%        2d7       3%          4
 Sublimation of Blood     Necr           17%        N/A       5%          2
 Wereblood                Tmut           17%        N/A       5%          2
 Call Canine Familiar     Summ           17%        N/A       11%         3
 Confusing Touch          Hex            17%        N/A       11%         3
 Gell's Gravitas          Tloc           17%        N/A       11%         3
 Summon Guardian Golem    Hex/Summ       17%        N/A       11%         3
 Teleport Other           Tloc           17%        N/A       11%         3
 Alistair's Intoxication  Tmut/Pois      28%        N/A       22%         5
 Plasma Beam              Fire/Air       30%        2x1d43    30%         6
 Dispel Undead            Necr           17%        3d10      34%         4
 Manifold Assault         Tloc           17%        N/A       34%         4
 Starburst                Conj/Fire      27%        6d9       45%         6
 Borgnjor's Vile Clutch   Necr/Erth      8%         N/A       67%         5
 Eringya's Noxious Bog    Tmut/Pois      21%        N/A       77%         6
 Dispersal                Tloc           8%         N/A       99%         6
 Summon Hydra             Summ           8%         N/A       100%        7
 Disjunction              Tloc           8%         N/A       100%        8
 Ignition                 Fire           29%        3d9       100%        8


Dungeon Overview and Level Annotations

Branches:
Dungeon (12/15)            Temple (0/1) D:6          Bailey (visited)
   Lair: D:8-11         Orc: D:9-12

Shops:
D:8 (   D:10 [

Annotations:
D:6 1 runed translucent door, Crazy Yiuf
D:9 3 runed translucent doors, MrSquiggles's ghost, journeyman MiFi


Innate Abilities, Weirdness & Mutations

You have an increased reservoir of magic. (+10% MP)
You shall have no god before yourself.
Your divine heritage dramatically boosts your attributes as you level up.


Message History

The orc shouts!
The orc is poisoned.
The cyclops shouts!
The cyclops is poisoned.
The orc looks even sicker. x2; The cyclops looks even sicker.
You kill the orc! x2
An orc comes into view. It is wielding a +0 dagger.
An orc comes into view. It is wielding a +0 flail.
Found a battleaxe.
The orc shouts!
The orc is poisoned.
You kill the orc!
The orc is poisoned.
You hear a shout!
An orc comes into view. It is wielding a +0 dagger.
You kill the orc!
The orc shouts!
The orc is poisoned.
The orc looks even sicker.
You kill the orc!
An orc comes into view. It is wielding a +0 club.
Your toxic radiance grows in intensity.
You kill the orc!
The orc shouts!
The orc is poisoned.
The cyclops looks even sicker.
The orc looks even sicker.
An orc comes into view. It is wielding a +0 dagger.
The orc looks even sicker.
The cyclops throws a large rock.
The large rock hits you!!!
Ouch! That really hurt!
You hear a shout!
Casting: Ignite Poison (safe; 1% risk of failure)
Press: ? - help, Q - select action, (/) - cycle Dir - look around, f - activate You ignite the poison in your surroundings!
The cyclops seems to burn from within!!
The cyclops is almost dead.
The orc seems to burn from within!!!
You kill the orc!
The cyclops is poisoned.
The cyclops throws a large rock.
The large rock hits you!!!
Ouch! That really hurt!
You die...

.....#.##.............'..........
[....#.....#.#......###..........
.......<..............#..........
#####.....##...####...#..........
#.....#..#.## #...#........>.
#.....##.#..#######.....####.
.(...##........### ....8....
......##.##.......#..........
.......#####...@....C))o .......
#.......8.... ..... #...........)
#......#...). #......#.....
#.....## ##.. #)....# . +.....#
#)....#


You could see a cyclops (poisoned).

Vanquished Creatures
  Snorg (D:10)
  A centaur warrior (D:10)
  A two-headed ogre (D:10)
  A boulder beetle (D:10)
  A gargoyle (Bailey)
  2 komodo dragons (D:10)
  A hornet (D:8)
  Prince Ribbit (D:7)
  A troll (D:9)
  12 yaks
  A vampire (Bailey)
  A wyvern (D:10)
  A shadow (D:5)
  An acid dragon (D:8)
  5 water moccasins
  4 orc warriors
  2 sky beasts
  2 black bears
  5 centaurs
  An ogre (D:7)
  A phantom (D:6)
  4 kobold brigands
  4 scorpions
  2 bullfrogs
  A gnoll sergeant (D:9)
  4 wights (D:8)
  11 killer bees
  6 vampire bats (Bailey)
  6 wolf zombies (Bailey)
  3 howler monkeys
  3 hounds
  2 quasits (D:8)
  3 orc priests
  3 jellies
  2 gnoll boudas
  Jessica (D:2)
  A sleepcap (D:8)
  3 iguanas
  10 orc wizards
  Terence (D:2)
  21 gnolls
  10 adders
  A shadow imp (D:8)
  10 white imps
  4 ufetubi
  2 worms
  4 dart slugs
  38 orcs
  10 ball pythons
  10 endoplasms
  2 giant cockroaches
  9 goblins
  6 hobgoblins
  7 jackals
  4 quokkas
  A training dummy (D:8)
  3 bats
  6 frilled lizards
  23 kobolds
  19 orc zombies (Bailey)
  10 rats
316 creatures vanquished.

Notes
Turn   | Place    | Note
-------+----------+-------------------------------------------
     0 | D:1      | rabbitsville the Demigod Air Elementalist began the quest
                  | for the Orb.
     0 | D:1      | Reached XP level 1. HP: 14/14 MP: 5/5
   110 | D:1      | Reached skill level 1 in Conjurations
   300 | D:1      | Reached XP level 2. HP: 20/20 MP: 1/7
   360 | D:1      | Reached skill level 2 in Spellcasting
   764 | D:1      | Reached XP level 3. HP: 26/26 MP: 2/9
  1595 | D:2      | Learned a level 2 spell: Static Discharge
  1924 | D:2      | Noticed Jessica
  1930 | D:2      | Killed Jessica
  1931 | D:2      | Reached XP level 4. HP: 33/33 MP: 3/11
  2380 | D:2      | Reached skill level 3 in Spellcasting
  2505 | D:2      | Noticed Terence
  2533 | D:2      | Killed Terence
  3258 | D:3      | Reached XP level 5. HP: 38/38 MP: 7/12
  3894 | D:4      | Reached skill level 1 in Poison Magic
  4249 | D:4      | Reached XP level 6. HP: 45/45 MP: 3/15
  4427 | D:4      | Reached skill level 4 in Spellcasting
  4817 | D:5      | Entered Level 5 of the Dungeon
  4820 | D:5      | Noticed a water moccasin
  4829 | D:5      | Killed a water moccasin
  4881 | D:5      | Reached skill level 5 in Spellcasting
  4881 | D:5      | Reached XP level 7. HP: 50/50 MP: 13/17
  5186 | D:5      | Noticed a shadow
  5194 | D:5      | Killed a shadow
  5195 | D:5      | Reached skill level 5 in Air Magic
  5315 | D:5      | Reached skill level 6 in Spellcasting
  5686 | D:5      | Reached XP level 8. HP: 57/57 MP: 11/21
  6088 | D:6      | Learned a level 4 spell: Airstrike
  6290 | D:6      | Found a staircase to the Ecumenical Temple.
  6823 | D:6      | Found a runed translucent door.
  6824 | D:6      | Noticed Crazy Yiuf
  6879 | D:7      | Reached skill level 7 in Spellcasting
  7607 | D:7      | Noticed Prince Ribbit
  7611 | D:7      | Killed Prince Ribbit
  7612 | D:7      | Reached XP level 9. HP: 62/62 MP: 7/24
  8061 | D:7      | Reached skill level 8 in Spellcasting
  8061 | D:7      | Reached skill level 5 in Poison Magic
  8102 | D:7      | Learned a level 4 spell: Olgreb's Toxic Radiance
  8106 | D:7      | Learned a level 3 spell: Ignite Poison
  8515 | D:8      | Found a flagged portal.
  8537 | Bailey   | Entered a bailey
  9466 | Bailey   | Noticed a gargoyle
  9588 | Bailey   | Identified the +1 ice dragon scales "Higi" {rF- rC++ Int+7}
  9616 | Bailey   | Killed a gargoyle
  9876 | D:8      | Upgraded the game from 0.31-a0-182-gc5ef74bbde to
                  | 0.31-a0-187-gba352fbbf7
 10387 | D:8      | Reached XP level 10. HP: 69/69 MP: 14/27
 10559 | D:8      | Found Geiraloo's Firing Range.
 10570 | D:8      | Reached skill level 9 in Spellcasting
 11886 | D:9      | Reached skill level 1 in Fire Magic
 12549 | D:9      | Found a runed translucent gate.
 12550 | D:9      | Found a runed translucent gate.
 12688 | D:9      | Noticed MrSquiggles's ghost (journeyman MiFi)
 12693 | D:9      | Found a runed translucent gate.
 12800 | D:10     | Entered Level 10 of the Dungeon
 13357 | D:10     | Found Tiholeko's Antique Armour Shop.
 13378 | D:10     | Reached skill level 10 in Spellcasting
 13634 | D:10     | Noticed Snorg
 13641 | D:10     | Killed Snorg
 13642 | D:10     | Reached skill level 5 in Fire Magic
 13642 | D:10     | Reached XP level 11. HP: 74/74 MP: 12/29
 13660 | D:10     | Noticed a centaur warrior
 13683 | D:10     | HP: 1/74 [centaur warrior/arrow (16)]
 13684 | D:10     | Killed a centaur warrior
 13872 | D:10     | You fall into a shaft and drop 2 floors!
 13999 | D:10     | Noticed a boulder beetle
 14006 | D:10     | Killed a boulder beetle
 14116 | D:10     | Noticed a two-headed ogre
 14123 | D:10     | Killed a two-headed ogre
 14124 | D:10     | Reached skill level 5 in Conjurations
 14478 | D:11     | Learned a level 5 spell: Fireball
 14491 | D:11     | Hit by a large rock thrown by a cyclops

Illustrated notes

Levels and vault maps discovered:
D:1:      evilmike_arrival_hilbert_curve, layout_basic, serial_rivers,
          chequers_serial_rivers_small_3, chequers_serial_rivers_micro_e,
          chequers_serial_rivers_micro_d, chequers_serial_rivers_large_a,
          chequers_serial_rivers_micro_d, chequers_serial_rivers_micro_a,
          grunt_decor_clamped, hangedman_feature_mirror,
          hangedman_feature_mirror
D:2:      layout_basic, ebering_ecumenical_altar_webs, minmay_octomino_j4,
          uniq_terence, uniq_jessica
D:3:      layout_basic, minmay_misc_feat_diagonals, feat_on_display
D:4:      layout_basic
D:5:      layout_rooms, mainiacjoe_overflow_brackets, fedhas_altar_1,
          grunt_decor_fettered, kennysheep_generic_room_13
D:6:      layout_cave_pools, minmay_temple_entry_metal_lava,
          kennysheep_generic_room_2, uniq_crazy_yiuf_cottage
D:7:      minmay_s_stair_smasher, layout_loops_ring, eino_tiny_chamber,
          uniq_prince_ribbit1
D:8:      layout_loops_corners, cheibrodos_ashenzari_chains,
          lightli_bailey_entry_fortress, serial_demonic, serial_demonic_c,
          serial_demonic_f, serial_demonic_d, serial_demonic_g,
          serial_demonic_a, serial_demonic_d, serial_demonic_e,
          serial_demonic_c, nicolae_shop_firing_range
D:9:      layout_cave_pools, gammafunk_ghost_split,
          amcnicky_mini_corridor_feature
D:10:     kennysheep_blocky_hall, layout_gridville, serial_shops,
          nicolae_shop_tiny_real_fake_doors, minivault_20, uniq_snorg
D:11:     layout_basic, minmay_lair_entry_lava, david_orc_2, special_room
          [special_room_kobold]
D:12:     layout_cross, serial_shops, nicolae_shop_behind_doors,
          vehumet_crystals

Skill      XL: |  1  2  3  4  5  6  7  8  9 10 11 |
---------------+----------------------------------+-----
Conjurations   | 1 2 4 5 |  5.1
Stealth        | 2 |  2.0
Dodging        | 2 |  2.0
Spellcasting   | 2 3 5 6 7 8 10 | 10.0
Air Magic      | 3 4 5 6 7 |  7.5
Poison Magic   | 1 4 6 7 |  7.0
Fire Magic     | 5 6 |  6.4

Action                     |  1- 3 |  4- 6 |  7- 9 | 10-12 || total
---------------------------+-------+-------+-------+-------++-------
   Fire: Sling             |    21 |       |     1 |     4 ||    26
   Cast: Shock             |    90 |   149 |   245 |       ||   484
         Static Discharge  |       |    10 |    59 |     4 ||    73
         Airstrike         |       |       |    44 |   107 ||   151
         Olgreb's Toxic Ra |       |       |     2 |     8 ||    10
         Ignite Poison     |       |       |     2 |     7 ||     9
  Evoke: Wand              |       |       |       |     3 ||     3
    Use: Scroll            |       |       |     1 |       ||     1
 Armour: Robe              |     8 |     9 |    19 |     6 ||    42
         Troll leather arm |       |       |       |     6 ||     6
  Dodge: Dodged            |     9 |    17 |    63 |    19 ||   108
  Block: Other             |       |     4 |    27 |     7 ||    38
         Reflection        |       |       |     4 |     1 ||     5

Table legend: (Time is in decaauts)
 A = Elapsed time spent in this place.
 B = Non-inter-level travel time spent in this place.
 C = Inter-level travel time spent in this place.
 D = Time resting spent in this place.
 E = Time spent auto-exploring this place.
 F = Levels seen in this place.
 G = Mean time per level.
                   A        B        C        D        E       F      G
               +--------+--------+--------+--------+--------+-----+--------+
         Total |  14536 |  14076 |    460 |    574 |  10984 |  13 | 1118.2 |
       Dungeon |  13314 |  12854 |    460 |    503 |  10283 |  12 | 1109.5 |
        Bailey |   1221 |   1221 |      0 |     71 |    701 |   1 | 1221.0 |
               +--------+--------+--------+--------+--------+-----+--------+

Top non-repeatable levels by time:
     D:8: 2493 daAuts
    D:10: 1564 daAuts
     D:7: 1514 daAuts
     D:1: 1478 daAuts
     D:2: 1239 daAuts
  Bailey: 1221 daAuts
     D:3: 1186 daAuts
     D:5: 1167 daAuts
     D:6: 1000 daAuts
     D:4: 930 daAuts
     D:9: 609 daAuts
    D:11: 78 daAuts
    D:12: 49 daAuts
